 Dungeon Crawl Stone Soup version 0.30-a0-142-g7370640ec8 (webtiles) character file.

Game seed: 6162430503730479187

619 Aibolit the Cudgeller (level 7, -2/60 HPs)
             Began as a Gnoll Cinder Acolyte on Sept 26, 2022.
             Was an Initiate of Ignis.
             Slain by an orc warrior
             ... wielding a +0 short sword
              (4 damage)
             ... on level 5 of the Dungeon.
             The game lasted 00:18:31 (5539 turns).

Aibolit the Cudgeller (Gnoll Cinder Acolyte)        Turns: 5539, Time: 00:18:32

Health: -2/60      AC:  7    Str: 20    XL:     7   Next: 46%
Magic:  0/12       EV: 11    Int: 13    God:    Ignis [......]
Gold:   214        SH:  0    Dex:  7    Spells: 13/13 levels left

rFire   + . .      SeeInvis +    h - +2 trident (vorpal)
rCold   . . .      Faith    .    (no shield)
rNeg    . . .      Spirit   +    w - +1 leather armour "Bazen" {Str+4}
rPois   .          Reflect  .    e - +0 helmet
rElec   .          Harm     .    f - +0 cloak
rCorr   .          Rampage  .    g - +0 pair of gloves
Will    .....      Clarity  +    (no boots)
Stlth   +.........               r - amulet of guardian spirit
HPRegen 0.20/turn                s - ring of wizardry
MPRegen 0.13/turn                o - ring of see invisible

@: no status effects
A: fangs 1, strong nose, distributed training, clarity
a: Renounce Religion


You were on level 5 of the Dungeon.
You worshipped Ignis.
Ignis was noncommittal.
You visited 1 branch of the dungeon, and saw 5 of its levels.

You collected 214 gold pieces.

Inventory:

Hand Weapons
 a - a -1 vorpal mace
 h - a +2 vorpal trident (weapon)
Armour
 e - a +0 helmet (worn)
 f - a +0 cloak (worn)
 g - a +0 pair of gloves (worn)
 w - the +1 leather armour "Bazen" (worn) {Str+4}
   (You found it on level 5 of the Dungeon)

   Str:       It affects your strength (+4).
Magical Staves
 b - a staff of air
Jewellery
 o - a ring of see invisible (right hand)
 r - an amulet of guardian spirit (around neck)
 s - a ring of wizardry (left hand)
Wands
 x - a wand of paralysis (3)
Scrolls
 c - 2 scrolls of noise
 d - a scroll of butterflies
 j - 3 scrolls of poison
 m - 2 scrolls of identify
 u - a scroll of magic mapping {unknown}
Potions
 i - 2 potions of degeneration
 k - 2 potions of brilliance
 l - a potion of cancellation {unknown}
 n - a potion of ambrosia {unknown}
 p - a potion of flight
 q - a potion of magic {unknown}
 t - a potion of invisibility {unknown}
 v - a potion of curing
 z - 2 potions of haste {unknown}
 A - 3 potions of attraction {unknown}


   Skills:
 + Level 7.1 Fighting
 + Level 2.6 Short Blades
 + Level 2.6 Long Blades
 + Level 2.6 Axes
 + Level 7.1 Maces & Flails
 + Level 2.6 Polearms
 + Level 2.6 Staves
 + Level 2.6 Ranged Weapons
 + Level 2.6 Throwing
 + Level 2.6 Armour
 + Level 2.6 Dodging
 + Level 2.6 Stealth
 + Level 2.6 Shields
 + Level 2.6 Unarmed Combat
 + Level 3.9 Spellcasting
 + Level 2.1 Conjurations
 + Level 2.1 Hexes
 + Level 2.1 Summonings
 + Level 2.1 Necromancy
 + Level 2.1 Translocations
 + Level 2.1 Transmutations
 + Level 5.9 Fire Magic
 + Level 2.1 Ice Magic
 + Level 2.1 Air Magic
 + Level 2.1 Earth Magic
 + Level 2.1 Poison Magic
 + Level 2.9 Invocations
 + Level 2.6 Evocations


You had 13 spell levels left.
You didn't know any spells.
Your spell library contained the following spells:

 Spells                   Type           Power      Damage    Failure   Level
 Scorch                   Fire           34%        2d6       1%          2


Dungeon Overview and Level Annotations

Branches:
Dungeon (5/15)
 Temple: D:4-7

Altars:
Dithmenos

Shops:
D:1 (


Innate Abilities, Weirdness & Mutations

You have very sharp teeth.
Your uncanny sense of smell can sniff out nearby items.
Your experience applies equally to all skills.
You possess an exceptional clarity of mind.


Message History

The orc priest mumbles some strange prayers to Beogh against you.
Beogh smites you!
Things that are here:
a +0 dagger; a +0 robe; an orc skeleton An orc warrior is nearby!
An orc warrior is nearby!
An orc warrior is nearby!
You barely miss the orc warrior.
The orc warrior hits you with a +0 short sword.
You barely miss the orc warrior.
The orc warrior hits you with a +0 short sword!
You are too injured to fight recklessly!
You are too injured to fight recklessly!
The orc warrior attacks as you move away!
The orc warrior barely misses you.
The orc warrior attacks as you move away!
The orc warrior hits you with a +0 short sword.
You see here a +0 sling.
You are too injured to fight recklessly!
You are too injured to fight recklessly!
You closely miss the orc warrior. The orc warrior barely misses you.
The orc warrior hits you with a +0 short sword.
You hit the orc warrior but do no damage.
The orc warrior hits you with a +0 short sword!
* * * LOW HITPOINT WARNING * * *
You closely miss the orc warrior. The orc warrior closely misses you.
You puncture the orc warrior!
The orc warrior is heavily wounded.
The orc warrior hits you with a +0 short sword!
* * * LOW HITPOINT WARNING * * *
You hit the orc warrior but do no damage.
You bite the orc warrior, but do no damage.
The orc warrior is heavily wounded.
The orc warrior hits you with a +0 short sword!
* * * LOW HITPOINT WARNING * * *
You puncture the orc warrior!
The orc warrior is almost dead.
The orc warrior barely misses you.
The orc warrior hits you with a +0 short sword.
You die...

### #..###### ## #.......#####.#
##.........#.#
##............#####
##....#o...........###
#.....@#.............#
##......##............#
##........##o..........#
#.........###..........# #
#.........###..........# ###
#.........###...........# ..###
#.........# #.#.........#
#...#####.......####.##.......##
####...####....## #..##.......#


You could see an orc warrior.

Vanquished Creatures
  A water moccasin (D:5)
  An ogre (D:4)
  5 hounds
  A jelly (D:5)
  An iguana (D:4)
  An orc wizard (D:5)
  Robin (D:3)
  3 gnolls (D:4)
  5 adders
  A worm (D:3)
  6 dart slugs
  4 orcs
  7 bats
  10 endoplasms
  A giant cockroach (D:4)
  12 goblins
  10 hobgoblins
  2 jackals (D:3)
  5 quokkas
  4 ball pythons
  2 frilled lizards
  5 kobolds
  7 rats
95 creatures vanquished.

Vanquished Creatures (others)
  20 foxfires (D:3)
20 creatures vanquished.

Grand Total: 115 creatures vanquished

Notes
Turn   | Place    | Note
-------+----------+-------------------------------------------
     0 | D:1      | Aibolit the Gnoll Cinder Acolyte began the quest for the
                  | Orb.
     0 | D:1      | Reached XP level 1. HP: 23/23 MP: 4/4
    39 | D:1      | Reached XP level 2. HP: 26/29 MP: 5/5
   283 | D:1      | Found a faded altar of an unknown god.
   303 | D:1      | Found Wayrph's Antique Weapon Boutique.
   438 | D:1      | Reached XP level 3. HP: 35/35 MP: 7/7
   800 | D:2      | Reached skill level 1 in Invocations
  1086 | D:3      | Reached skill level 1 in Short Blades
  1086 | D:3      | Reached skill level 1 in Long Blades
  1086 | D:3      | Reached skill level 1 in Axes
  1086 | D:3      | Reached skill level 1 in Polearms
  1086 | D:3      | Reached skill level 1 in Staves
  1086 | D:3      | Reached skill level 1 in Ranged Weapons
  1086 | D:3      | Reached skill level 1 in Throwing
  1086 | D:3      | Reached skill level 1 in Armour
  1086 | D:3      | Reached skill level 1 in Dodging
  1086 | D:3      | Reached skill level 1 in Stealth
  1086 | D:3      | Reached skill level 1 in Shields
  1086 | D:3      | Reached skill level 1 in Unarmed Combat
  1086 | D:3      | Reached skill level 1 in Evocations
  1250 | D:3      | Noticed Robin
  1269 | D:3      | Reached XP level 4. HP: 22/41 MP: 8/8
  1279 | D:3      | HP: 2/41 [Robin/+0 trident (7)]
  1293 | D:3      | Killed Robin
  1741 | D:2      | Reached skill level 1 in Conjurations
  1741 | D:2      | Reached skill level 1 in Hexes
  1741 | D:2      | Reached skill level 1 in Summonings
  1741 | D:2      | Reached skill level 1 in Necromancy
  1741 | D:2      | Reached skill level 1 in Translocations
  1741 | D:2      | Reached skill level 1 in Transmutations
  1741 | D:2      | Reached skill level 1 in Ice Magic
  1741 | D:2      | Reached skill level 1 in Air Magic
  1741 | D:2      | Reached skill level 1 in Earth Magic
  1741 | D:2      | Reached skill level 1 in Poison Magic
  2024 | D:3      | Reached XP level 5. HP: 41/47 MP: 9/9
  2706 | D:4      | Noticed an ogre
  2719 | D:4      | Killed an ogre
  2720 | D:4      | Reached XP level 6. HP: 16/53 MP: 3/11
  3270 | D:4      | Gained mutation: You possess an exceptional clarity of
                  | mind. [potion of mutation]
  3988 | D:5      | Entered Level 5 of the Dungeon
  4208 | D:5      | Found a shadowy altar of Dithmenos.
  4239 | D:5      | Identified the +1 leather armour "Bazen" {Str+4}
  4305 | D:5      | Reached XP level 7. HP: 57/60 MP: 12/12
  5538 | D:5      | HP: 2/60 [orc warrior/+0 short sword (8)]
  5539 | D:5      | Slain by an orc warrior

Illustrated notes

Levels and vault maps discovered:
D:1:      shiori_arrival_oz, layout_rooms, chequers_ecumenical_altar_island,
          serial_shops, nicolae_shop_crystal, dk_noncrumbling_3
D:2:      layout_loops_cross, minmay_pentomino_z4
D:3:      layout_loops_ring, nemelex_xobeh_ov_fountains_minmay,
          minmay_parallelograms, hangedman_decor_lopped,
          kennysheep_generic_room_16, uniq_robin
D:4:      minmay_general_purpose_star, layout_basic, minmay_surrounded
D:5:      layout_cave_pods, mainiacjoe_overflow_cross_hatched,
          nicolae_overflow_hidden_temple

Skill      XL: |  1  2  3  4  5  6  7 |
---------------+----------------------+-----
Invocations    | 1 2 |  2.9
Short Blades   | 1 2 |  2.6
Long Blades    | 1 2 |  2.6
Axes           | 1 2 |  2.6
Polearms       | 1 2 |  2.6
Staves         | 1 2 |  2.6
Ranged Weapons | 1 2 |  2.6
Throwing       | 1 2 |  2.6
Armour         | 1 2 |  2.6
Dodging        | 1 2 |  2.6
Stealth        | 1 2 |  2.6
Shields        | 1 2 |  2.6
Unarmed Combat | 1 2 |  2.6
Evocations     | 1 2 |  2.6
Spellcasting   | 3 |  3.9
Conjurations   | 1 2 |  2.1
Hexes          | 1 2 |  2.1
Summonings     | 1 2 |  2.1
Necromancy     | 1 2 |  2.1
Translocations | 1 2 |  2.1
Transmutations | 1 2 |  2.1
Ice Magic      | 1 2 |  2.1
Air Magic      | 1 2 |  2.1
Earth Magic    | 1 2 |  2.1
Poison Magic   | 1 2 |  2.1
Fighting       | 7 |  7.1
Maces & Flails | 7 |  7.1
Fire Magic     | |  5.9

Action                   |  1- 3 |  4- 6 |  7- 9 || total
-------------------------+-------+-------+-------++-------
Melee: Mace              |   101 |   158 |    19 ||   278
       Bite              |     5 |    12 |     3 ||    20
       Punch             |     4 |       |       ||     4
       Staff             |       |    11 |       ||    11
       Trident           |       |       |    20 ||    20
Invok: Foxfire Swarm     |     2 |     4 |       ||     6
       Fiery Armour      |       |     3 |       ||     3
       Rising Flame      |       |     1 |       ||     1
Evoke: Wand              |       |       |     4 ||     4
  Use: Scroll            |     4 |     5 |       ||     9
       Potion            |       |     6 |       ||     6
Armor: Robe              |    28 |       |       ||    28
       Chain mail        |    28 |   115 |       ||   143
       Skin              |     2 |       |       ||     2
       Leather armour    |       |     5 |    12 ||    17
Dodge: Dodged            |    62 |    70 |    32 ||   164

Table legend: (Time is in decaauts)
 A = Elapsed time spent in this place.
 B = Non-inter-level travel time spent in this place.
 C = Inter-level travel time spent in this place.
 D = Time resting spent in this place.
 E = Time spent auto-exploring this place.
 F = Levels seen in this place.
 G = Mean time per level.
                   A        B        C        D        E       F      G
               +--------+--------+--------+--------+--------+-----+--------+
         Total |   5574 |   3491 |   2083 |   2597 |      8 |   5 | 1114.8 |
       Dungeon |   5574 |   3491 |   2083 |   2597 |      8 |   5 | 1114.8 |
               +--------+--------+--------+--------+--------+-----+--------+

Top non-repeatable levels by time:
     D:4: 1439 daAuts
     D:5: 1380 daAuts
     D:3: 1375 daAuts
     D:2: 745 daAuts
     D:1: 633 daAuts
